AoeStats
← Tetragamenon11

Four Lakes

509670398Analyzed
1v1 RM · 6d ago on Sep 27, 2026· 28m 35s· 2 players
Game mode
Random Map
Map size
Tiny (2 player)
Population
200
Speed
Normal
Resources
Standard
Victory
Conquest
Starting age
Dark Age
Ending age
Imperial Age
RankedLock teamsTeams togetherTeam positionsShared explorationLock speedFull tech treeHidden civsTurbo modeCheats
Victory
Defeat
🇩🇪 Japanese · Germany
1346
+15
🇵🇪 Inca · Peru
1328
-15
Tetragamenon11
3:31 Loom
11:13 Feudal Age
14:36 Double-Bit Axe
16:20 Fletching
17:32 Padded Archer Armor
20:36 Wheelbarrow
26:02 Castle Age
26:05 Crossbowman
27:06 Crossbowman
27:57 Bodkin Arrow
28:18 Leather Archer Armor
oggysseus
5:08 Loom
11:53 Feudal Age
12:13 Man-at-Arms
12:47 Double-Bit Axe
12:49 Town Watch
12:54 Arson
14:26 Horse Collar
15:19 Scale Mail Armor
15:30 Forging
16:22 Wheelbarrow
17:42 Fletching
17:52 Padded Archer Armor
22:31 Castle Age
23:30 Chain Mail Armor
23:13 Bodkin Arrow
22:41 Long Swordsman
23:54 Bow Saw
24:47 Squires
26:27 Heavy Plow
26:09 Fishing Lines
26:32 Elite Skirmisher
28:01 Leather Archer Armor
28:01 Chain Mail Armor
28:36 Gillnets
Connection lost

Rejoining the realm…

Still unreachable

The connection could not be restored.

Session expired

The server has moved on; the page needs a fresh start.